 Dungeon Crawl Stone Soup version 0.28.0-1-gb440e238dd (webtiles) character file.

Game seed: 1871241797844935536

313 pkoi the Conjurer (level 6, -4/45 HPs)
             Began as a Draconian Conjurer on Feb 24, 2022.
             Engulfed by a steam dragon's steam (12 damage)
             ... on level 4 of the Dungeon.
             The game lasted 00:05:24 (5477 turns).

pkoi the Conjurer (Draconian Conjurer)              Turns: 5477, Time: 00:05:25

Health: -4/45      AC:  6    Str:  9    XL:     6   Next: 19%
Magic:  1/10       EV: 12    Int: 20    God:
Gold:   170        SH:  0    Dex: 10    Spells: 4/11 levels left

rFire   . . .      SeeInvis .   b - +0 short sword
rCold   . . .      Faith    .   (no shield)
rNeg    . . .      Spirit   .   (armour unavailable)
rPois   .          Reflect  .   (helmet restricted)
rElec   .          Harm     .   (no cloak)
rCorr   .          Rampage  .   (no gloves)
Will    .....                   (no boots)
Stlth   ++........              (no amulet)
HPRegen 0.15/turn               (no ring)
MPRegen 0.12/turn               (no ring)

@: invisible
A: AC +6, unfitting armour, cold-blooded
a: no special abilities


You were on level 4 of the Dungeon.
You visited 1 branch of the dungeon, and saw 4 of its levels.

You collected 170 gold pieces.

Inventory:

Hand Weapons
 b - a +0 short sword (weapon)
 f - a +0 whip
Wands
 i - a wand of paralysis (9)
Scrolls
 a - 2 scrolls of summoning {unknown}
 c - 3 scrolls of teleportation {unknown}
 d - a scroll of fear {unknown}
 e - a scroll of noise {unknown}
 h - 3 scrolls of identify {unknown}
 j - a scroll of blinking {unknown}
Potions
 g - 2 potions of curing


   Skills:
 - Level 1.7 Dodging
 - Level 1.7 Stealth
 - Level 3.0 Spellcasting
 + Level 6.3 Conjurations
 + Level 2.8 Translocations


You had 4 spell levels left.
You knew the following spells:

 Your Spells              Type           Power      Damage    Failure   Level
a - Magic Dart            Conj           100%       1d8       1%          1
b - Searing Ray           Conj           56%        2d6       1%          2
c - Iskenderun's Mystic   Conj/Tloc      21%        2d6       22%         4

Your spell library contained the following spells:

 Spells                   Type           Power      Damage    Failure   Level
 Dazzling Flash           Conj/Hex       30%        N/A       12%         3
 Summon Small Mammal      Summ           12%        N/A       14%         1
 Scorch                   Fire           6%         2d5       22%         2
 Flame Wave               Conj/Fire      15%        2d6       36%         4
 Fulminant Prism          Conj/Hex       7%         3d7       36%         4
 Call Canine Familiar     Summ           3%         N/A       38%         3
 Summon Guardian Golem    Hex/Summ       3%         N/A       38%         3
 Summon Cactus Giant      Summ           1%         N/A       100%        6


Dungeon Overview and Level Annotations

Branches:
Dungeon (4/15)
 Temple: D:4-7

Altars:
Cheibriados

Annotations:
D:2 Sigmund
D:3 3 runed translucent doors, themarg's ghost, amateur TeCj


Innate Abilities, Weirdness & Mutations

Your plain brown scales are hard. (AC +6)
You cannot fit into any form of body armour.
You are cold-blooded and may be slowed by cold attacks.


Message History

Unknown command.
Casting: Searing Ray (safe; 1% risk of failure)
Confirm with . or Enter, or press ? or * to list all spells.
Aiming: Searing Ray (safe; 1% risk of failure)
Press: ? - help, Shift-Dir - straight line, f/p - steam dragon
Aim: a steam dragon (lightly wounded, 79% to hit)
The searing ray hits the steam dragon.
The steam dragon is lightly wounded. (Press . to maintain the ray.)
The steam dragon bites you.
* * * LOW HITPOINT WARNING * * *
The steam dragon barely misses you.
The searing ray hits the steam dragon.
The steam dragon is moderately wounded.
The steam dragon bites you.
* * * LOW HITPOINT WARNING * * *
The steam dragon claws you.
* * * LOW HITPOINT WARNING * * *
The searing ray hits the steam dragon.
The steam dragon is moderately wounded.
The steam dragon breathes steam at you. The ball of steam hits you!!
* * * LOW HITPOINT WARNING * * *
An orc comes into view. It is wielding a +0 hand axe.
Unknown command.
The searing ray hits the steam dragon.
The steam dragon is heavily wounded.
You finish channelling your searing ray.
You are engulfed in a cloud of scalding steam.
* * * LOW HITPOINT WARNING * * *
The steam dragon closely misses you.
The steam dragon claws you but does no damage.
It was a potion of curing.
You feel better.
You are engulfed in a cloud of scalding steam.
* * * LOW HITPOINT WARNING * * *
The steam dragon closely misses you. x2
An orc comes into view. It is wielding a +0 club.
It was a potion of invisibility.
You fade into invisibility!
You die...

........########.#######
........................
#.##############.#######
#................#
#######################
# ########...... #
#.....§.oo.# #
#.######D# # #.#...§.@#
# #.#....#§# #
#)######.# #
#####.......§#
#####...).).######
....+.............
#####.......######
#........).....
##.###.########


You could see a steam dragon and 2 orcs.

Vanquished Creatures
  A jelly (D:4)
  An orc priest (D:3)
  A bullfrog skeleton (D:4)
  A hound skeleton (D:4)
  Robin (D:2)
  3 gnolls (D:3)
  5 adders
  3 dart slugs (D:1)
  8 orcs
  7 ball pythons
  7 bats
  7 endoplasms
  3 giant cockroaches
  11 goblins
  13 hobgoblins
  15 jackals
  5 kobolds
  7 quokkas
  5 frilled lizards
  3 rats (D:1)
107 creatures vanquished.

Notes
Turn   | Place    | Note
-------+----------+-------------------------------------------
     0 | D:1      | pkoi the Draconian Conjurer began the quest for the Orb.
     0 | D:1      | Reached XP level 1. HP: 14/14 MP: 3/3
   439 | D:1      | Reached XP level 2. HP: 20/20 MP: 0/5
   670 | D:1      | Found a faded altar of an unknown god.
  1172 | D:1      | Reached XP level 3. HP: 15/26 MP: 6/6
  1618 | D:1      | Learned a level 2 spell: Searing Ray
  1864 | D:2      | Found a snail-covered altar of Cheibriados.
  1865 | D:2      | Noticed Sigmund
  2057 | D:2      | Reached skill level 5 in Conjurations
  2306 | D:2      | Noticed Robin
  2364 | D:2      | Reached XP level 4. HP: 30/33 MP: 4/8
  2365 | D:2      | Killed Robin
  3039 | D:3      | Learned a level 4 spell: Iskenderun's Mystic Blast
  3683 | D:3      | Reached skill level 1 in Translocations
  3683 | D:3      | Reached XP level 5. HP: 38/38 MP: 4/9
  3992 | D:3      | Found a runed translucent gate.
  4027 | D:3      | Noticed themarg's ghost (amateur TeCj)
  4179 | D:3      | Found a runed translucent gate.
  4179 | D:3      | Found a runed translucent gate.
  4514 | D:3      | Reached skill level 6 in Conjurations
  5069 | D:4      | Reached XP level 6. HP: 45/45 MP: 6/10
  5466 | D:4      | Noticed a steam dragon
  5477 | D:4      | Engulfed by a steam dragon's steam

Illustrated notes

Levels and vault maps discovered:
D:1:      wander_arrival_estate, layout_basic, dreamdust_ecumenical_altar_grove
D:2:      minmay_angry_zag, layout_basic, basic_altar, uniq_robin, uniq_sigmund
D:3:      layout_basic, gammafunk_ghost_icy
D:4:      layout_basic, grunt_ministairs_7, uniq_duvessa, uniq_pargi

Skill      XL: |  1  2  3  4  5 |
---------------+----------------+-----
Conjurations   | 5 6 |  6.3
Spellcasting   | 3 |  3.0
Translocations | 1 2 |  2.8
Dodging        | |  1.7
Stealth        | |  1.7

Action                   |  1- 3 |  4- 6 || total
-------------------------+-------+-------++-------
Melee: Unarmed           |    10 |       ||    10
       Tailslap          |     5 |     4 ||     9
       Short sword       |    24 |    37 ||    61
 Cast: Magic Dart        |    83 |   118 ||   201
       Searing Ray       |     1 |     4 ||     5
  Use: Potion            |       |     2 ||     2
Armor: Skin              |    16 |    24 ||    40
Dodge: Dodged            |    38 |    50 ||    88
